 Dungeon Crawl Stone Soup version 0.23.0 (webtiles) character file.

Game seed: 14368374699461358950

141 Monsterracer the Chopper (level 5, -10/47 HPs)
             Began as a Minotaur Berserker on Feb 18, 2019.
             Was a Believer of Trog.
             Mangled by Menkaure (13 damage)
             ... on level 4 of the Dungeon.
             The game lasted 00:01:40 (1849 turns).

Monsterracer the Chopper (Minotaur Berserker)       Turns: 1849, Time: 00:01:40

Health: -10/47     AC:  7    Str: 22    XL:     5   Next: 3%
Magic:  4/4        EV:  9    Int:  4    God:    Trog [**....]
Gold:   74         SH:  0    Dex: 10    Spells: 4/4 levels left

rFire    . . .     SeeInvis .   a - +0 hand axe
rCold    . . .     Gourm    .   (no shield)
rNeg     . . .     Faith    .   b - +0 chain mail
rPois    .         Spirit   .   (helmet restricted)
rElec    .         Reflect  .   (no cloak)
rCorr    .         Harm     .   (no gloves)
MR       .....                  j - +0 pair of boots
Stlth    ..........             i - amulet of regeneration
HPRegen  0.55/turn              g - -3 ring of protection (curse)
MPRegen  0.09/turn              (no ring)

@: no status effects
A: retaliatory headbutt, horns 2
a: Berserk, Trog's Hand, Renounce Religion


You were on level 4 of the Dungeon.
You worshipped Trog.
Trog was pleased with you.
You were not hungry.

You visited 1 branch of the dungeon, and saw 4 of its levels.

You collected 74 gold pieces.

Inventory:

Hand Weapons
 a - a +0 hand axe (weapon)
Armour
 b - a +0 chain mail (worn)
 j - a +0 pair of boots (worn)
Jewellery
 g - a cursed -3 ring of protection (left hand)
 i - an amulet of regeneration (around neck)
Scrolls
 m - a scroll of magic mapping
Potions
 d - a potion of heal wounds
 h - 2 potions of haste
 k - 2 potions of cancellation {unknown}
Comestibles
 c - 4 rations


   Skills:
 + Level 4.5 Fighting
 * Level 5.2 Axes
 + Level 3.5 Armour
 - Level 3.1 Dodging


You had 4 spell levels left.
You didn't know any spells.
Your spell library was empty.

Dungeon Overview and Level Annotations

Branches:
Dungeon (4/15)
 Temple: D:4-7

Altars:

Annotations:
D:4 Menkaure


Innate Abilities, Weirdness & Mutations

You reflexively headbutt those who attack you in melee.
You have a pair of horns on your head.


Message History

You kill the frilled lizard!
Trog accepts your kill.
No target in view!
You see here a frilled lizard corpse.
A frilled lizard comes into view.
The frilled lizard hisses angrily.
A frilled lizard is nearby!
The frilled lizard bites you.
You take 2 damage, and have 39/41 hp.
A frilled lizard is nearby!
You barely miss the frilled lizard. The frilled lizard closely misses you.
You furiously retaliate!
You headbutt the frilled lizard!
You kill the frilled lizard!
Trog accepts your kill.
No target in view!
A rat comes into view.
Health restored: 41 A rat is nearby!
A rat is nearby!
The rat bites you.
You take 1 damage, and have 40/41 hp.
You hit the rat.
You kill the rat!
Trog accepts your kill.
Health restored: 41
Found 12 arrows.
No target in view!
A hobgoblin comes into view. It is wielding a +0 club.
The hobgoblin shouts!
An adder comes into view.
The adder hisses angrily.
The adder bites you but does no damage.
There are monsters nearby!
You barely miss the adder. Your headbutt misses the adder.
The adder completely misses you.
You hit the adder but do no damage. You hit the hobgoblin but do no damage.
The adder barely misses you. You furiously retaliate!
You headbutt the adder! The hobgoblin barely misses you.
You furiously retaliate!
You headbutt the hobgoblin. You hit the adder.
The adder is almost dead.
You closely miss the hobgoblin. The adder bites you but does no damage.
The hobgoblin hits you with a +0 club. The adder bites you but does no damage.
You take 2 damage, and have 39/41 hp.
You hit the adder but do no damage.
The adder is almost dead.
You completely miss the hobgoblin. The adder bites you.
You are poisoned.
The adder poisons you!
The hobgoblin hits you but does no damage.
You take 1 damage, and have 38/41 hp.
You closely miss the adder.
The adder is almost dead.
You closely miss the hobgoblin.
You feel sick. The adder bites you but does no damage.
The hobgoblin hits you but does no damage.
You slash the adder!
You kill the adder!
Trog accepts your kill.
You have reached level 5!
You closely miss the hobgoblin. The hobgoblin hits you with a +0 club.
You regained 3 hp, and now have 41/47 hp.
MP restored: 4 You hit the hobgoblin.
You kill the hobgoblin!
Trog accepts your kill.
You feel sick.
You see here a +0 club.
No target in view!
You see here a +0 club.
You feel sick.
You feel sick.
You are no longer poisoned.
Found a stone staircase leading down.
There is a stone staircase leading down here.
Health restored: 47 You climb downwards.
Menkaure, Prince of Dust comes into view.
Menkaure shouts!
There is a stone staircase leading up here.
Menkaure is nearby!
Found a scroll labeled HADUAFE KEELOI and 15 gold pieces.
Menkaure is nearby!
You barely miss Menkaure.
Menkaure casts a spell.
Menkaure seems to speed up.
Menkaure gestures at you while chanting.
Pain shoots through your body!
You take 4 damage, and have 43/47 hp.
Menkaure hits you!
An orc comes into view. It is wielding a +0 whip.
Menkaure completely misses you.
You take 16 damage, and have 27/47 hp.
MASSIVE DAMAGE!!
Unknown command.
Menkaure hits you!
* * * LOW HITPOINT WARNING * * *
Menkaure hits you!
* * * LOW HITPOINT WARNING * * *
Menkaure hits you!
You die...

# #. ##.#
#.$.##
#.#.#####...
#..<@M..o..?
###.#####...
#.## #.# ##


You could see Menkaure and an orc.

Vanquished Creatures
  An iguana (D:3)
  5 adders
  A howler monkey skeleton (D:2)
  An adder zombie (D:3)
  A worm (D:3)
  A dart slug (D:3)
  3 orcs
  3 giant cockroaches
  4 goblins
  6 hobgoblins
  2 jackals (D:3)
  8 bats
  6 frilled lizards
  4 kobolds
  6 rats
52 creatures vanquished.

Notes
Turn   | Place    | Note
-------+----------+-------------------------------------------
     0 | D:1      | Monsterracer the Minotaur Berserker began the quest for the
                  | Orb.
     0 | D:1      | Reached XP level 1. HP: 19/19 MP: 0/0
   249 | D:1      | HP: 10/20 [hobgoblin/+0 club (3)]
   252 | D:1      | Reached XP level 2. HP: 18/27 MP: 1/1
   254 | D:1      | Reached skill level 4 in Axes
   605 | D:2      | Reached XP level 3. HP: 33/33 MP: 2/2
   617 | D:2      | HP: 16/33 [poisoned by an adder]
   622 | D:2      | HP: 15/33 [poisoned by an adder]
   627 | D:2      | HP: 13/33 [poisoned by an adder]
  1025 | D:3      | Reached ** piety under Trog
  1141 | D:3      | Reached XP level 4. HP: 40/40 MP: 3/3
  1464 | D:3      | Reached skill level 5 in Axes
  1818 | D:3      | Reached XP level 5. HP: 43/47 MP: 4/4
  1842 | D:4      | Noticed Menkaure
  1847 | D:4      | HP: 17/47 [Menkaure (11)]
  1848 | D:4      | HP: 2/47 [Menkaure (15)]
  1849 | D:4      | Mangled by Menkaure

Skill      XL: |  1  2  3  4 |
---------------+-------------+-----
Axes           | 4 5 |  5.2
Fighting       | 4 |  4.5
Armour         | 3 |  3.5
Dodging        | 3 |  3.1

Action                   |  1- 3 |  4- 6 || total
-------------------------+-------+-------++-------
Melee: Hand axe          |    64 |    62 ||   126
       Headbutt          |     9 |    13 ||    22
Invok: Berserk           |     3 |       ||     3
  Use: Scroll            |       |     4 ||     4
  Eat: Chunk             |     3 |     3 ||     6
Armor: Animal skin       |    17 |     4 ||    21
       Chain mail        |       |    23 ||    23
Dodge: Dodged            |    45 |    32 ||    77

Levels and vault maps discovered:
D:1:      sevenhm_arrival_forest_fort_large_4, layout_basic, minmay_tromino_v4_a
D:2:      layout_basic, chequers_temple_overflow_statue_of_worship
D:3:      minmay_thinvault, layout_basic
D:4:      layout_loops_ring, uniq_menkaure
